 Dungeon Crawl Stone Soup version 0.28.0-1-gb440e238dd (webtiles) character file.

Game seed: 686561371060023107

92 Krehm the Skirmisher (level 4, -1/41 HPs)
             Began as a Hill Orc Fighter on Feb 19, 2022.
             Killed from afar by Natasha (5 damage)
             ... with a puff of flame
             ... on level 2 of the Dungeon.
             The game lasted 00:05:26 (2299 turns).

Krehm the Skirmisher (Hill Orc Fighter)             Turns: 2299, Time: 00:05:27

Health: -1/41      AC:  9    Str: 20    XL:     4   Next: 60%
Magic:  4/4        EV:  7    Int:  8    God:
Gold:   77         SH:  4    Dex: 10    Spells: 3/3 levels left

rFire   . . .      SeeInvis .   a - +0 war axe
rCold   + + .      Faith    .   c - +0 buckler
rNeg    . . .      Spirit   .   k - +0 chain mail
rPois   .          Reflect  .   (no helmet)
rElec   .          Harm     .   (no cloak)
rCorr   .          Rampage  .   (no gloves)
Will    .....                   (no boots)
Stlth   ..........              (no amulet)
HPRegen 0.13/turn               g - ring of protection from cold
MPRegen 0.09/turn               j - ring of protection from cold

@: mighty
A: no striking features
a: no special abilities


You were on level 2 of the Dungeon.
You visited 1 branch of the dungeon, and saw 2 of its levels.

You collected 77 gold pieces.

Inventory:

Hand Weapons
 a - a +0 war axe (weapon)
Missiles
 i - 2 poisoned darts (quivered)
Armour
 c - a +0 buckler (worn)
 k - a +0 chain mail (worn)
Jewellery
 g - a ring of protection from cold (left hand)
 j - a ring of protection from cold (right hand)
Scrolls
 e - 2 scrolls of teleportation {unknown}
 h - 2 scrolls of identify {unknown}
Potions
 d - a potion of might
 f - a potion of mutation {unknown}


   Skills:
 + Level 4.8 Fighting
 + Level 4.4 Axes
 - Level 3.2 Armour
 - Level 4.0 Shields


You had 3 spell levels left.
You didn't know any spells.
Your spell library was empty.

Dungeon Overview and Level Annotations

Branches:
Dungeon (2/15)

Altars:

Annotations:
D:2 Natasha


Message History

The crimson imp blinks!
Natasha mumbles some strange words.
Natasha shimmers violently.
Natasha casts a spell at you. You resist with some effort.
The crimson imp blinks!
You block the shadow imp's attack.
You closely miss Natasha.
Natasha is severely wounded.
You closely miss the shadow imp. Natasha claws you but does no damage.
Natasha claws you.
* * * LOW HITPOINT WARNING * * *
You slash Natasha!
You kill Natasha!
Natasha screams in pain as she dies!
The crimson imp disappears in a puff of smoke!
The shadow imp disappears in a puff of smoke!
Unknown command.
You start resting.
Natasha, Servant of Life and Death comes into view.
She is carrying a wand of flame (6).
Natasha mumbles some strange words.
You feel yourself speed up.
Natasha growls.
Natasha zaps a wand.
The puff of flame hits you but does no damage.
There is an open door here.
You start resting.
Natasha is nearby!
You are too injured to fight recklessly!
You barely miss Natasha.
Natasha mumbles some strange words.
You closely miss Natasha. Natasha claws you but does no damage.
You closely miss Natasha.
Natasha casts a spell.
Natasha claws you.
* * * LOW HITPOINT WARNING * * *
You completely miss Natasha.
Natasha zaps a wand.
The puff of flame hits you.
* * * LOW HITPOINT WARNING * * *
You feel very mighty all of a sudden.
Natasha zaps a wand.
The puff of flame hits you.
You die...

#.###.....##.##.##.##.#
#......#.###.##.......#
#.####...###.#####.#### ...
##).....#####.##### ..#
#.######.........# ..#
##5## #.###.###.# ..#
##...## #.# #.##..# .#
##....h## #.###.#.#.## ##
##.......###@##...###.#
.####>........##h#...#.#.##
....'.........'55........#
.####.........####...##.##
##.###.>.....## ##.###.#
#.# ###....†## ### #.#
.###.###...## #.# #.#.#
##'####### #.# ##.#
#.......# ##.#


You could see Natasha and 2 shadow imps.

Vanquished Creatures
  Natasha (D:2)
  An adder (D:2)
  2 worms (D:2)
  A dart slug (D:1)
  5 bats
  7 endoplasms
  A giant cockroach (D:1)
  5 hobgoblins
  5 quokkas
  3 ball pythons
  A frilled lizard (D:1)
  2 goblins (D:1)
  5 kobolds (D:1)
  5 rats
44 creatures vanquished.

Vanquished Creatures (others)
  A demonic plant (D:1)
  4 fungi (D:1)
  2 plants (D:1)
  3 withered plants (D:1)
10 creatures vanquished.

Grand Total: 54 creatures vanquished

Notes
Turn   | Place    | Note
-------+----------+-------------------------------------------
     0 | D:1      | Krehm the Hill Orc Fighter began the quest for the Orb.
     0 | D:1      | Reached XP level 1. HP: 19/19 MP: 1/1
   186 | D:1      | Reached XP level 2. HP: 16/27 MP: 2/2
   618 | D:1      | Found a faded altar of an unknown god.
  1025 | D:1      | Reached XP level 3. HP: 18/33 MP: 3/3
  1973 | D:2      | Reached XP level 4. HP: 41/41 MP: 4/4
  2018 | D:2      | Noticed Natasha
  2282 | D:2      | Killed Natasha
  2287 | D:2      | Noticed Natasha
  2299 | D:2      | Killed from afar by Natasha

Illustrated notes

Levels and vault maps discovered:
D:1:      noname_arrival_rooms_in_the_neighbourhood, layout_basic,
          shapermc_ecumenical_altar_gd, amethyst_killhole, minmay_cupped
D:2:      layout_loops_corners, basic_altar, grunt_ministairs_11,
          minmay_fractal_squares_gapless_5, uniq_natasha

Skill      XL: |  1  2  3  4 |
---------------+-------------+-----
Axes           | 3 4 |  4.4
Fighting       | 4 |  4.8
Shields        | 4 |  4.0
Armour         | |  3.2

Action                   |  1- 3 |  4- 6 || total
-------------------------+-------+-------++-------
Melee: War axe           |   135 |    28 ||   163
Throw: Dart              |     2 |       ||     2
  Use: Potion            |       |     1 ||     1
Armor: Scale mail        |    43 |       ||    43
       Chain mail        |    21 |    15 ||    36
Dodge: Dodged            |    61 |     6 ||    67
Block: Buckler           |    31 |    10 ||    41
